[Event "Najdorf Memorial-B 2022"]
[Site "Warsaw"]
[Date "2022.07.09"]
[Round "1.1"]
[White "Pozniak, Yunna"]
[Black "Koziol, Pawel"]
[Result "0-1"]
[ECO "B22"]
[WhiteElo "1288"]
[BlackElo "1771"]
[Annotator "NA RC"]
[PlyCount "78"]
[EventDate "2022.07.09"]
[EventType "swiss"]
[EventCountry "POL"]
[SourceTitle "playchess.com"]
[Source "ChessBase"]
[SourceQuality "1"]
[TimeControl "40/5400+30:1800+30"]

1. e4 c5 2. c3 g6 3. d4 cxd4 4. cxd4 Bg7 5. Nf3 d6 6. Bc4 Nf6 7. Nc3 O-O 8. Bb3 Bg4 9. h3 Bxf3 10. Qxf3 Nc6 11. Be3 Nd7 12. Qd1 Na5 13. O-O Nb6 14. Rc1 Nac4 15. Nd5 Nxd5 16. Bxc4 Nxe3 17. fxe3 e6 18. Qb3 Qe7 19. Rf2 Bh6 20. Kh1 Kh8 21. Rfc2 Rac8 22. Be2 Rxc2 23. Rxc2 Qh4 24. Qd3 Qg3 25. Rc3 Qe1+ 26. Kh2 Bg5 27. Qd1 Qh4 28. Bf3 Bxe3 29. g3 Qh6 30. Rc7 Qg7 31. Rd7 Bxd4 32. Rxb7 Bb6 33. Qd2 Qe5 34. Rd7 Bd4 35. Rb7 Kg7 36. Rb3 Qc5 37. Rd3 e5 38. Bg2 Rc8 39. Rf3 h6 0-1

[Event "Najdorf Memorial-B 2022"]
[Site "Warsaw"]
[Date "2022.07.09"]
[Round "1.2"]
[White "Nawalaniec, Adam"]
[Black "Pancewicz, Mateusz"]
[Result "1-0"]
[ECO "B10"]
[WhiteElo "1768"]
[BlackElo "1287"]
[Annotator "NA RC"]
[PlyCount "59"]
[EventDate "2022.07.09"]
[EventType "swiss"]
[EventCountry "POL"]
[SourceTitle "playchess.com"]
[Source "ChessBase"]
[SourceQuality "1"]
[TimeControl "40/5400+30:1800+30"]

1. e4 c6 2. d3 d5 3. Nd2 e5 4. Ngf3 Bd6 5. d4 exd4 6. exd5 c5 7. Ne4 Nf6 8. Bg5 O-O 9. Bd3 c4 10. Bxc4 Re8 11. Qe2 Qa5+ 12. Bd2 Qd8 13. Nfg5 Nxe4 14. Nxe4 f5 15. Bg5 Qd7 16. Bb5 Nc6 17. dxc6 bxc6 18. Qc4+ Kh8 19. Qxc6 Rxe4+ 20. Qxe4 Qxb5 21. Qxa8 Qe8+ 22. Kd1 f4 23. f3 h6 24. Re1 Qd7 25. Be7 Bxe7 26. Rxe7 Qxe7 27. Qxc8+ Kh7 28. Qf5+ Kh8 29. Qd3 Qh4 30. Kd2 1-0

[Event "Najdorf Memorial-B 2022"]
[Site "Warsaw"]
[Date "2022.07.09"]
[Round "1.3"]
[White "Panikowski, Ksawery"]
[Black "Morczynski, Joachim"]
[Result "1-0"]
[ECO "B33"]
[WhiteElo "1286"]
[BlackElo "1762"]
[Annotator "NA RC"]
[PlyCount "66"]
[EventDate "2022.07.09"]
[EventType "swiss"]
[EventCountry "POL"]
[SourceTitle "playchess.com"]
[Source "ChessBase"]
[SourceQuality "1"]
[TimeControl "40/5400+30:1800+30"]

1. e4 c5 2. Nf3 Nc6 3. d4 cxd4 4. Nxd4 Nf6 5. Nc3 e5 6. Ndb5 d6 7. Bg5 a6 8. Na3 b5 9. Nd5 Be7 10. Bxf6 Bxf6 11. c3 Bg5 12. Nc2 O-O 13. a4 Rb8 14. Bd3 Be6 15. axb5 axb5 16. h4 Bh6 17. g4 g6 18. g5 Bg7 19. Nce3 Ne7 20. Nf6+ Bxf6 21. gxf6 Nc6 22. Ra6 Qc8 23. Qa1 b4 24. Qa4 Bd7 25. Nd5 bxc3 26. bxc3 Rb2 27. Nb6 Qb7 28. Nxd7 Qxd7 29. Qxc6 Qg4 30. Ra8 Rbb8 31. Rxb8 Rxb8 32. Qxd6 Ra8 33. Bb1 Qf3 1-0

[Event "Najdorf Memorial-B 2022"]
[Site "Warsaw"]
[Date "2022.07.09"]
[Round "1.4"]
[White "Mazurek, Jerzy"]
[Black "Kochanek, Tomasz"]
[Result "1-0"]
[ECO "A16"]
[WhiteElo "1752"]
[BlackElo "1285"]
[Annotator "NA RC"]
[PlyCount "41"]
[EventDate "2022.07.09"]
[EventType "swiss"]
[EventCountry "POL"]
[SourceTitle "playchess.com"]
[Source "ChessBase"]
[SourceQuality "1"]
[TimeControl "40/5400+30:1800+30"]

1. c4 Nf6 2. Nc3 g6 3. g3 Bg7 4. Bg2 O-O 5. e4 d6 6. Nge2 c5 7. O-O e5 8. d3 Nc6 9. f4 Bg4 10. h3 Bd7 11. f5 a6 12. g4 Ne7 13. g5 gxf5 14. gxf6 Bxf6 15. exf5 Nxf5 16. Ne4 Kh8 17. N2g3 Nxg3 18. Nxf6 Nxf1 19. Qxf1 Qc8 20. Nxd7 Qxd7 21. Qf6+ 1-0

[Event "Najdorf Memorial-B 2022"]
[Site "Warsaw"]
[Date "2022.07.09"]
[Round "1.5"]
[White "Ladon, Tymoteusz"]
[Black "Mazur, Wojciech"]
[Result "0-1"]
[ECO "B43"]
[WhiteElo "1284"]
[BlackElo "1750"]
[Annotator "NA RC"]
[PlyCount "58"]
[EventDate "2022.07.09"]
[EventType "swiss"]
[EventCountry "POL"]
[SourceTitle "playchess.com"]
[Source "ChessBase"]
[SourceQuality "1"]
[TimeControl "40/5400+30:1800+30"]

1. e4 c5 2. Nf3 e6 3. d4 cxd4 4. Nxd4 a6 5. Nc3 Qc7 6. Be3 Nc6 7. g3 Nf6 8. Bg2 Bb4 9. Qd2 Na5 10. O-O Nc4 11. Qe2 Nxb2 12. Nd1 Nc4 13. Rb1 Ba5 14. Nb2 Nxb2 15. Rxb2 O-O 16. f4 d6 17. h4 b5 18. e5 Nd5 19. f5 dxe5 20. Nb3 Nxe3 21. Nxa5 Nxf1 22. Bxa8 Nxg3 23. Qf3 Nxf5 24. Nb3 Nxh4 25. Qf2 Ng6 26. Bg2 Nf4 27. Nc5 Nxg2 28. Kxg2 Bb7+ 29. Nxb7 Qxb7+ 0-1

[Event "Najdorf Memorial-B 2022"]
[Site "Warsaw"]
[Date "2022.07.09"]
[Round "1.6"]
[White "Poniewierski, Piotr"]
[Black "Golinski, Krzysztof"]
[Result "1-0"]
[ECO "A05"]
[WhiteElo "1747"]
[BlackElo "1283"]
[Annotator "NA RC"]
[PlyCount "56"]
[EventDate "2022.07.09"]
[EventType "swiss"]
[EventCountry "POL"]
[SourceTitle "playchess.com"]
[Source "ChessBase"]
[SourceQuality "1"]
[TimeControl "40/5400+30:1800+30"]

1. Nf3 Nf6 2. c4 b6 3. g3 Bb7 4. Bg2 e5 5. Nc3 Bc5 6. O-O Qe7 7. e3 e4 8. Ng5 h6 9. Nh3 Nc6 10. Nf4 Na5 11. d3 exd3 12. Bxb7 Nxb7 13. Qxd3 c6 14. b3 g5 15. Nfe2 h5 16. Bb2 Rh6 17. Nd4 Bxd4 18. exd4 O-O-O 19. d5 c5 20. Rae1 Qf8 21. Qf5 Nd6 22. Qxg5 Rg6 23. Qf4 Nfe8 24. Ne4 Rg4 25. Nxd6+ Nxd6 26. Qf3 f5 27. Re5 Qh6 28. Bc1 Qf6 1-0

[Event "Najdorf Memorial-B 2022"]
[Site "Warsaw"]
[Date "2022.07.09"]
[Round "1.7"]
[White "Ryszka, Maciej"]
[Black "Michalowski, Patryk"]
[Result "0-1"]
[ECO "D37"]
[WhiteElo "1282"]
[BlackElo "1726"]
[Annotator "NA RC"]
[PlyCount "50"]
[EventDate "2022.07.09"]
[EventType "swiss"]
[EventCountry "POL"]
[SourceTitle "playchess.com"]
[Source "ChessBase"]
[SourceQuality "1"]
[TimeControl "40/5400+30:1800+30"]

1. d4 d5 2. c4 e6 3. Nc3 Nf6 4. Nf3 Nbd7 5. Bg5 Be7 6. e3 c6 7. Bd3 O-O 8. O-O dxc4 9. Bxc4 b5 10. Bd3 a6 11. Rc1 Bb7 12. a3 c5 13. Re1 Qb6 14. Bb1 Rfe8 15. dxc5 Nxc5 16. b4 Nce4 17. Nxe4 Nxe4 18. Bxe7 Rxe7 19. Qc2 Nf6 20. Ne5 Rc8 21. Qe2 Rec7 22. Nd3 Rxc1 23. Rxc1 Rxc1+ 24. Nxc1 Qc6 25. f3 Qxc1+ 0-1

[Event "Najdorf Memorial-B 2022"]
[Site "Warsaw"]
[Date "2022.07.09"]
[Round "1.8"]
[White "Nowak, Lukasz"]
[Black "Walewski, Szymon"]
[Result "1-0"]
[ECO "D30"]
[WhiteElo "2327"]
[BlackElo "1279"]
[Annotator "RC"]
[PlyCount "109"]
[EventDate "2022.07.09"]
[EventType "swiss"]
[EventCountry "POL"]
[SourceTitle "playchess.com"]
[Source "ChessBase"]
[SourceQuality "1"]
[TimeControl "40/5400+30:1800+30"]

1. d4 d5 2. c4 e6 3. Nf3 Nc6 4. Bf4 Nf6 5. e3 Bd6 6. Bg5 Bb4+ 7. Nc3 Bxc3+ 8. bxc3 h6 9. Bh4 Bd7 10. cxd5 exd5 11. Bd3 Bg4 12. h3 Bh5 13. g4 Bg6 14. Bxg6 fxg6 15. Qb1 g5 16. Qg6+ Kf8 17. Bg3 Qe7 18. O-O Qe4 19. Qxe4 Nxe4 20. Bxc7 Rc8 21. Bh2 Nxc3 22. Ne5 Nxe5 23. Bxe5 Kf7 24. Kg2 Ne4 25. Rfc1 Rhf8 26. a4 Kg8 27. Bg3 Nd2 28. Rxc8 Rxc8 29. Ra2 Ne4 30. Be5 Rc6 31. Rb2 b6 32. Bb8 a6 33. Ba7 Nc3 34. Rxb6 Rxb6 35. Bxb6 Nxa4 36. Ba5 Nb2 37. Bc3 Nc4 38. Kf3 a5 39. Ke2 a4 40. Kd3 Kf7 41. Bb4 Ke6 42. Kc3 Kd7 43. Bf8 g6 44. Bxh6 a3 45. Kb3 Nd2+ 46. Kxa3 Ne4 47. f3 Nf2 48. Bxg5 Nxh3 49. Bh4 g5 50. Bg3 Ng1 51. f4 Nf3 52. Kb4 gxf4 53. exf4 Nxd4 54. Kc5 Ne2 55. Bh2 1-0

[Event "Najdorf Memorial-B 2022"]
[Site "Warsaw"]
[Date "2022.07.09"]
[Round "1.9"]
[White "Winiarski, Szymon"]
[Black "Szyszko, Jan"]
[Result "0-1"]
[ECO "A46"]
[WhiteElo "1278"]
[BlackElo "1706"]
[Annotator "NA RC"]
[PlyCount "45"]
[EventDate "2022.07.09"]
[EventType "swiss"]
[EventCountry "POL"]
[SourceTitle "playchess.com"]
[Source "ChessBase"]
[SourceQuality "1"]
[TimeControl "40/5400+30:1800+30"]

1. d4 Nf6 2. Nf3 d5 3. g3 c5 4. Bg2 cxd4 5. Nxd4 e5 6. Nf3 Nc6 7. O-O h6 8. b3 Be6 9. Bb2 Bd6 10. Nbd2 Qb6 11. e4 dxe4 12. Ne1 e3 13. fxe3 Qxe3+ 14. Kh1 O-O-O 15. Rf3 Qb6 16. Rb1 Bg4 17. Nc4 Qc7 18. Qc1 Bxf3 19. Nxf3 Rhe8 20. Nfd2 Bc5 21. Qf1 b5 22. Qf5+ Kb8 23. Ne4 0-1

[Event "Najdorf Memorial-B 2022"]
[Site "Warsaw"]
[Date "2022.07.09"]
[Round "1.10"]
[White "Stefaniuk, Zbigniew"]
[Black "Dzierzgowska, Jagoda"]
[Result "1-0"]
[ECO "C09"]
[WhiteElo "1702"]
[BlackElo "1277"]
[Annotator "NA RC"]
[PlyCount "63"]
[EventDate "2022.07.09"]
[EventType "swiss"]
[EventCountry "POL"]
[SourceTitle "playchess.com"]
[Source "ChessBase"]
[SourceQuality "1"]
[TimeControl "40/5400+30:1800+30"]

1. e4 e6 2. d4 d5 3. Nd2 c5 4. exd5 exd5 5. Ngf3 Nc6 6. Bb5 Qb6 7. Qe2+ Be7 8. dxc5 Qxc5 9. Nb3 Qd6 10. O-O h6 11. Re1 a6 12. Bxc6+ bxc6 13. Be3 Qe6 14. Bc5 Qxe2 15. Rxe2 Be6 16. Nfd4 Kd7 17. Bxe7 Nxe7 18. Nc5+ Kd6 19. Ncxe6 fxe6 20. Rxe6+ Kd7 21. Rae1 Rae8 22. Nb3 Kd8 23. Nc5 a5 24. Nb7+ Kd7 25. Nd6 Ref8 26. Rxe7+ Kxd6 27. R1e6+ Kc5 28. Rxg7 Rb8 29. b3 a4 30. Rgg6 Rb6 31. Rxh6 Rxh6 32. Rxh6 1-0

[Event "Najdorf Memorial-B 2022"]
[Site "Warsaw"]
[Date "2022.07.09"]
[Round "1.11"]
[White "Rozycki, Dariusz"]
[Black "Gajewski, Dariusz"]
[Result "0-1"]
[ECO "B02"]
[WhiteElo "1276"]
[BlackElo "1697"]
[Annotator "NA RC"]
[PlyCount "58"]
[EventDate "2022.07.09"]
[EventType "swiss"]
[EventCountry "POL"]
[SourceTitle "playchess.com"]
[Source "ChessBase"]
[SourceQuality "1"]
[TimeControl "40/5400+30:1800+30"]

1. e4 Nf6 2. e5 Nd5 3. Nc3 e6 4. Nxd5 exd5 5. Nf3 d6 6. d4 Be7 7. Bd3 Bg4 8. c3 dxe5 9. dxe5 Nc6 10. Bb5 O-O 11. Bxc6 bxc6 12. h3 Bh5 13. g4 Bg6 14. Nd4 Qd7 15. f4 Bh4+ 16. Kd2 Be4 17. Rh2 Bg3 18. Re2 Bxf4+ 19. Ke1 Bxe5 20. Qa4 Bg3+ 21. Kd2 Qd6 22. Qxc6 Qf4+ 23. Re3 Qf1 24. Rxe4 dxe4 25. Qxe4 c5 26. Nf5 Rad8+ 27. Ke3 Rfe8 28. Ne7+ Rxe7 29. Qxe7 Qe1+ 0-1

[Event "Najdorf Memorial-B 2022"]
[Site "Warsaw"]
[Date "2022.07.09"]
[Round "1.12"]
[White "Szewczak, Andrzej"]
[Black "Mielcuch, Karol"]
[Result "1-0"]
[ECO "A00"]
[WhiteElo "1694"]
[BlackElo "1274"]
[Annotator "NA RC"]
[PlyCount "75"]
[EventDate "2022.07.09"]
[EventType "swiss"]
[EventCountry "POL"]
[SourceTitle "playchess.com"]
[Source "ChessBase"]
[SourceQuality "1"]
[TimeControl "40/5400+30:1800+30"]

1. b4 d5 2. Bb2 Nf6 3. e3 e6 4. b5 Bd6 5. f4 O-O 6. Nf3 Nbd7 7. Be2 Re8 8. O-O e5 9. fxe5 Nxe5 10. Nxe5 Bxe5 11. Bxe5 Rxe5 12. Rf4 Rg5 13. Nc3 Qd7 14. Rh4 Qd6 15. Rb1 Ne4 16. Rxe4 dxe4 17. Nxe4 Qg6 18. Nxg5 Qxg5 19. Bf3 g6 20. Rb4 h5 21. a4 Qc5 22. c3 c6 23. bxc6 bxc6 24. Qf1 Be6 25. Qd3 a5 26. Rd4 Qe7 27. Bxc6 Rb8 28. Bb5 Bf5 29. Qf1 Kh7 30. Qf4 Rc8 31. h4 Qa3 32. Bd7 Qc1+ 33. Kh2 Bxd7 34. Rxd7 Rf8 35. Rxf7+ Rxf7 36. Qxf7+ Kh6 37. Qg8 g5 38. hxg5# 1-0

[Event "Najdorf Memorial-B 2022"]
[Site "Warsaw"]
[Date "2022.07.09"]
[Round "1.13"]
[White "Malicka, Magdalena"]
[Black "Przybylski, Jan"]
[Result "0-1"]
[ECO "B80"]
[WhiteElo "1271"]
[BlackElo "1685"]
[Annotator "NA RC"]
[PlyCount "94"]
[EventDate "2022.07.09"]
[EventType "swiss"]
[EventCountry "POL"]
[SourceTitle "playchess.com"]
[Source "ChessBase"]
[SourceQuality "1"]
[TimeControl "40/5400+30:1800+30"]

1. e4 c5 2. Nf3 e6 3. d4 cxd4 4. Nxd4 Nf6 5. Nc3 d6 6. Be3 Be7 7. Be2 O-O 8. O-O a6 9. a4 Qc7 10. Qd2 b6 11. h3 Bb7 12. Bf3 Nbd7 13. Bg5 Ne5 14. Rfe1 Nc4 15. Qc1 Rac8 16. Rb1 Rfd8 17. g4 d5 18. exd5 Nxd5 19. Nxd5 Bxd5 20. Bxe7 Qxe7 21. Bxd5 Rxd5 22. Nf5 Qc5 23. b4 Qc7 24. Ne3 Re5 25. Nxc4 Rxe1+ 26. Qxe1 Qxc4 27. Qf1 Qxc2 28. Qd1 g6 29. a5 Qxd1+ 30. Rxd1 bxa5 31. bxa5 Rc5 32. Ra1 Kf8 33. Kf1 Rc2 34. Kg2 Ke7 35. g5 Rc5 36. h4 e5 37. Ra4 Kd6 38. Kf3 Kd5 39. Ke3 Rc3+ 40. Kd2 Rc4 41. Rxc4 Kxc4 42. Ke3 Kd5 43. Kd3 e4+ 44. Ke3 Ke5 45. f3 exf3 46. Kxf3 Kf5 47. Ke3 Kg4 0-1

[Event "Najdorf Memorial-B 2022"]
[Site "Warsaw"]
[Date "2022.07.09"]
[Round "1.14"]
[White "Nocek, Dominik"]
[Black "Sikorski, Jan"]
[Result "1-0"]
[ECO "B32"]
[WhiteElo "1682"]
[BlackElo "1266"]
[Annotator "NA RC"]
[PlyCount "95"]
[EventDate "2022.07.09"]
[EventType "swiss"]
[EventCountry "POL"]
[SourceTitle "playchess.com"]
[Source "ChessBase"]
[SourceQuality "1"]
[TimeControl "40/5400+30:1800+30"]

1. e4 c5 2. Nf3 Nc6 3. d4 cxd4 4. Nxd4 e5 5. Nb5 Nf6 6. N1c3 d6 7. Bg5 Be7 8. Bxf6 Bxf6 9. Nxd6+ Kf8 10. Bc4 Be6 11. Bxe6 fxe6 12. O-O Nd4 13. Nc4 Ke7 14. Ne2 Rc8 15. Qd3 Nxc2 16. Qxc2 b5 17. Qb3 bxc4 18. Qa3+ Qd6 19. Qxa7+ Rc7 20. Qa5 Rb8 21. Rfd1 Qb6 22. Qxb6 Rxb6 23. Rd2 Rcb7 24. Rb1 Ke8 25. Nc3 Be7 26. Rc2 Rb4 27. Nd1 Bc5 28. Rbc1 Rd7 29. a3 Ra4 30. Nc3 Ra8 31. Ne2 Rad8 32. g3 Rd2 33. Rxc4 Bxa3 34. bxa3 Rxe2 35. R1c2 Re1+ 36. Kg2 Ra1 37. Ra4 Kf7 38. Rc7+ Kf6 39. Raa7 Rg8 40. a4 Ra2 41. Ra5 Rf8 42. Raa7 g6 43. Rxh7 Kg5 44. h4+ Kg4 45. Rhf7 Rxf7 46. Rxf7 Rxa4 47. f3+ Kh5 48. Rh7# 1-0

[Event "Najdorf Memorial-B 2022"]
[Site "Warsaw"]
[Date "2022.07.09"]
[Round "1.16"]
[White "Warcaba, Jakub"]
[Black "Kozera, Konrad"]
[Result "1-0"]
[ECO "B90"]
[WhiteElo "1674"]
[BlackElo "1239"]
[Annotator "NA RC"]
[PlyCount "84"]
[EventDate "2022.07.09"]
[EventType "swiss"]
[EventCountry "POL"]
[SourceTitle "playchess.com"]
[Source "ChessBase"]
[SourceQuality "1"]
[TimeControl "40/5400+30:1800+30"]

1. e4 c5 2. Nf3 d6 3. d4 cxd4 4. Nxd4 Nf6 5. Nc3 a6 6. h3 e5 7. Nde2 Be6 8. g4 Be7 9. Bg2 Nc6 10. Be3 b5 11. g5 Nd7 12. h4 Nb6 13. b3 b4 14. Nd5 Bxd5 15. exd5 Na7 16. Qd2 a5 17. a3 bxa3 18. Rxa3 a4 19. Qb4 Rb8 20. Bxb6 Qxb6 21. Qxa4+ Nb5 22. c4 O-O 23. Qxb5 Qxb5 24. cxb5 Rxb5 25. Nc3 Rb4 26. Bf1 f5 27. Bc4 Rfb8 28. Ke2 Bd8 29. Rha1 Bc7 30. Ra8 R4b7 31. Nb5 Rxa8 32. Rxa8+ Kf7 33. f4 e4 34. Nxc7 Rxc7 35. Ra6 Ke7 36. Ke3 g6 37. Kd4 Rb7 38. Ra8 Kf7 39. Rh8 Kg7 40. Rd8 Rb6 41. Rd7+ Kg8 42. Ra7 Rb8 1-0

[Event "Najdorf Memorial-B 2022"]
[Site "Warsaw"]
[Date "2022.07.09"]
[Round "1.17"]
[White "Kalinowski, Rafal"]
[Black "Kowalski, Witold"]
[Result "1/2-1/2"]
[ECO "D03"]
[WhiteElo "1232"]
[BlackElo "1673"]
[Annotator "NA RC"]
[PlyCount "61"]
[EventDate "2022.07.09"]
[EventType "swiss"]
[EventCountry "POL"]
[SourceTitle "playchess.com"]
[Source "ChessBase"]
[SourceQuality "1"]
[TimeControl "40/5400+30:1800+30"]

1. d4 d5 2. Nf3 Nf6 3. Bg5 e6 4. e3 Be7 5. Bd3 Nbd7 6. Nbd2 O-O 7. O-O b6 8. c4 Bb7 9. Qc2 h6 10. Bf4 Rc8 11. Rac1 c5 12. b3 Re8 13. h3 a6 14. Ne5 cxd4 15. exd4 Ba3 16. Rce1 Bb4 17. Rc1 Qe7 18. Ndf3 Red8 19. Qe2 a5 20. Rfd1 Nxe5 21. Nxe5 dxc4 22. bxc4 Qe8 23. Ng4 Nxg4 24. Qxg4 f5 25. Qg3 Kh8 26. Be5 Qf7 27. Qe3 Qg6 28. g3 Bd6 29. Re1 Rc6 30. Be2 Rc7 31. Bf1 1/2-1/2

[Event "Najdorf Memorial-B 2022"]
[Site "Warsaw"]
[Date "2022.07.10"]
[Round "2.1"]
[White "Koziol, Pawel"]
[Black "Terkiewicz, Bruno"]
[Result "1/2-1/2"]
[ECO "A10"]
[WhiteElo "1771"]
[BlackElo "1473"]
[Annotator "NA RC"]
[PlyCount "66"]
[EventDate "2022.07.09"]
[EventType "swiss"]
[EventCountry "POL"]
[SourceTitle "playchess.com"]
[Source "ChessBase"]
[SourceQuality "1"]
[TimeControl "40/5400+30:1800+30"]

1. c4 b6 2. Nc3 Bb7 3. Nf3 e6 4. g3 f5 5. Bg2 Nf6 6. O-O Be7 7. d4 O-O 8. Re1 Ne4 9. Qc2 Nxc3 10. Qxc3 Bf6 11. b4 d6 12. Bb2 Nd7 13. Qb3 Qe7 14. Rac1 Kh8 15. Nd2 Bxg2 16. Kxg2 e5 17. e3 Rae8 18. dxe5 Bxe5 19. Nf3 Bxb2 20. Qxb2 Ne5 21. Nxe5 Qxe5 22. Qxe5 Rxe5 23. Red1 Kg8 24. b5 a5 25. Kf3 Rfe8 26. Rd4 Rc5 27. Ke2 Kf7 28. Kd3 Kf6 29. f4 Kg6 30. h3 Kf6 31. g4 g6 32. Rg1 h6 33. a4 Re7 1/2-1/2

[Event "Najdorf Memorial-B 2022"]
[Site "Warsaw"]
[Date "2022.07.10"]
[Round "2.2"]
[White "Jaroszuk, Marcin"]
[Black "Nawalaniec, Adam"]
[Result "1/2-1/2"]
[ECO "E68"]
[WhiteElo "1476"]
[BlackElo "1768"]
[Annotator "NA RC"]
[PlyCount "92"]
[EventDate "2022.07.09"]
[EventType "swiss"]
[EventCountry "POL"]
[SourceTitle "playchess.com"]
[Source "ChessBase"]
[SourceQuality "1"]
[TimeControl "40/5400+30:1800+30"]

1. Nf3 g6 2. g3 Bg7 3. d4 Nf6 4. Bg2 d6 5. O-O O-O 6. c4 Nbd7 7. Nc3 e5 8. e4 Nb6 9. dxe5 dxe5 10. b3 Qe7 11. Qc2 Rd8 12. Bb2 Ne8 13. Rad1 Be6 14. Bc1 c6 15. Rxd8 Rxd8 16. Rd1 Nc7 17. Rxd8+ Qxd8 18. Qd2 Qe7 19. Bb2 Na6 20. Qe3 f6 21. Ne1 Bf8 22. Nd3 Qd8 23. Bf1 Nb4 24. Nxb4 Bxb4 25. a3 Bxc3 26. Qxc3 Qd1 27. Qd3 Bg4 28. Qxd1 Bxd1 29. b4 Na4 30. Ba1 Bc2 31. f3 b6 32. Kf2 Kf7 33. Ke3 Ke6 34. Bd3 Bb3 35. Kd2 a6 36. Bc2 Bxc2 37. Kxc2 b5 38. c5 f5 39. Kd3 g5 40. g4 fxg4 41. fxg4 a5 42. Ke3 Kf6 43. Kf3 axb4 44. axb4 Ke6 45. Ke3 Kf6 46. Kf3 Ke6 1/2-1/2

[Event "Najdorf Memorial-B 2022"]
[Site "Warsaw"]
[Date "2022.07.10"]
[Round "2.3"]
[White "Bubien, Antoni"]
[Black "Mazurek, Jerzy"]
[Result "1-0"]
[ECO "B31"]
[WhiteElo "1472"]
[BlackElo "1752"]
[Annotator "NA RC"]
[PlyCount "77"]
[EventDate "2022.07.09"]
[EventType "swiss"]
[EventCountry "POL"]
[SourceTitle "playchess.com"]
[Source "ChessBase"]
[SourceQuality "1"]
[TimeControl "40/5400+30:1800+30"]

1. e4 c5 2. Nf3 Nc6 3. Bb5 g6 4. O-O Bg7 5. c3 e5 6. d4 cxd4 7. cxd4 exd4 8. Bf4 a6 9. Ba4 Nge7 10. Bd6 h6 11. Na3 O-O 12. e5 b5 13. Bb3 Qb6 14. Nc2 Re8 15. Ncxd4 Nxd4 16. Nxd4 Bb7 17. Qg4 Bd5 18. Bc2 h5 19. Qh4 Nc8 20. Bb4 Bxe5 21. Rad1 a5 22. Be1 Bc4 23. Nf3 Bf6 24. Qg3 Ne7 25. Rd6 h4 26. Rxb6 hxg3 27. Rxf6 gxh2+ 28. Nxh2 Bxf1 29. Kxf1 Nd5 30. Rd6 Rac8 31. Bb3 Rc1 32. Nf3 Nf4 33. Rxd7 Ne6 34. g3 a4 35. Bd5 Ng5 36. Nxg5 Rexe1+ 37. Kg2 Rc2 38. Bxf7+ Kh8 39. Bd5 1-0

[Event "Najdorf Memorial-B 2022"]
[Site "Warsaw"]
[Date "2022.07.10"]
[Round "2.4"]
[White "Mazur, Wojciech"]
[Black "Mazurkiewicz, Wojciech"]
[Result "1-0"]
[ECO "A52"]
[WhiteElo "1750"]
[BlackElo "1469"]
[Annotator "NA RC"]
[PlyCount "23"]
[EventDate "2022.07.09"]
[EventType "swiss"]
[EventCountry "POL"]
[SourceTitle "playchess.com"]
[Source "ChessBase"]
[SourceQuality "1"]
[TimeControl "40/5400+30:1800+30"]

1. d4 Nf6 2. c4 e5 3. dxe5 Ng4 4. Bf4 Bb4+ 5. Nd2 Nc6 6. Ngf3 Qe7 7. e3 Ngxe5 8. Be2 Nxf3+ 9. Bxf3 Nd4 10. O-O Nxf3+ 11. Nxf3 d6 12. Qa4+ 1-0

[Event "Najdorf Memorial-B 2022"]
[Site "Warsaw"]
[Date "2022.07.10"]
[Round "2.5"]
[White "Matskevich, Varvara"]
[Black "Poniewierski, Piotr"]
[Result "1-0"]
[ECO "B10"]
[WhiteElo "1467"]
[BlackElo "1747"]
[Annotator "NA RC"]
[PlyCount "63"]
[EventDate "2022.07.09"]
[EventType "swiss"]
[EventCountry "POL"]
[SourceTitle "playchess.com"]
[Source "ChessBase"]
[SourceQuality "1"]
[TimeControl "40/5400+30:1800+30"]

1. e4 c6 2. Nc3 g6 3. d4 d5 4. Be3 Bg7 5. Nf3 Bg4 6. Be2 dxe4 7. Nxe4 Nh6 8. O-O O-O 9. c3 Nd7 10. h3 Bxf3 11. Bxf3 Nf5 12. Qb3 Qc7 13. Rad1 Rad8 14. Bg4 Nxe3 15. fxe3 e6 16. Ng5 Qb6 17. Bxe6 fxe6 18. Qxe6+ Kh8 19. Nf7+ Rxf7 20. Rxf7 Nf8 21. Qe7 Bh6 22. Rdf1 Kg8 23. g4 Qa5 24. h4 g5 25. R1f5 Qa4 26. Qxd8 Qd1+ 27. Kf2 Qd2+ 28. Kf3 Qd1+ 29. Ke4 Qc2+ 30. Ke5 Qh2+ 31. Kf6 Qg3 32. Rxf8+ 1-0

[Event "Najdorf Memorial-B 2022"]
[Site "Warsaw"]
[Date "2022.07.10"]
[Round "2.6"]
[White "Michalowski, Patryk"]
[Black "Chiszko, Oskar"]
[Result "1-0"]
[ECO "B90"]
[WhiteElo "1726"]
[BlackElo "1446"]
[Annotator "NA RC"]
[PlyCount "85"]
[EventDate "2022.07.09"]
[EventType "swiss"]
[EventCountry "POL"]
[SourceTitle "playchess.com"]
[Source "ChessBase"]
[SourceQuality "1"]
[TimeControl "40/5400+30:1800+30"]

1. e4 c5 2. Nf3 d6 3. d4 cxd4 4. Nxd4 Nf6 5. Nc3 a6 6. Bc4 e6 7. Bb3 Be7 8. Be3 O-O 9. g4 d5 10. exd5 Nxd5 11. Nxd5 exd5 12. Qf3 Be6 13. O-O-O Nc6 14. Nf5 Bxf5 15. gxf5 d4 16. Rhg1 Bf6 17. Qh5 Qe7 18. Bg5 d3 19. Rxd3 Bxg5+ 20. Rxg5 Rad8 21. Re3 Qd6 22. Rg1 Nd4 23. c3 Nxb3+ 24. axb3 f6 25. Rh3 Qd2+ 26. Kb1 h6 27. Qg6 Rf7 28. Rxh6 Qd3+ 29. Ka2 Rd5 30. Qh7+ Kf8 31. Qh8+ Ke7 32. Re1+ Kd6 33. Qd8+ Kc6 34. Re6+ Rd6 35. Rh4 Rfd7 36. Rxd6+ Qxd6 37. Rc4+ Kb5 38. Rb4+ Kc5 39. Qa5+ b5 40. Rd4 Qe7 41. b4+ Kc6 42. Qxa6+ Kc7 43. Qa7+ 1-0

[Event "Najdorf Memorial-B 2022"]
[Site "Warsaw"]
[Date "2022.07.10"]
[Round "2.7"]
[White "Sternik, Piotr"]
[Black "Nowak, Lukasz"]
[Result "1/2-1/2"]
[ECO "D11"]
[WhiteElo "1434"]
[BlackElo "2327"]
[Annotator "RC"]
[PlyCount "122"]
[EventDate "2022.07.09"]
[EventType "swiss"]
[EventCountry "POL"]
[SourceTitle "playchess.com"]
[Source "ChessBase"]
[SourceQuality "1"]
[TimeControl "40/5400+30:1800+30"]

1. d4 d5 2. c4 c6 3. Nf3 Nf6 4. e3 a6 5. cxd5 cxd5 6. Bd3 Nc6 7. O-O Bg4 8. Nbd2 e6 9. a3 Bd6 10. b4 O-O 11. Bb2 Re8 12. Be2 h6 13. Nb3 Ne4 14. Nc5 Qc7 15. h3 Bf5 16. Rc1 Nxc5 17. dxc5 Be7 18. Bd3 Bxd3 19. Qxd3 Red8 20. Qb3 b6 21. cxb6 Qxb6 22. Bxg7 Kxg7 23. Qc3+ Bf6 24. Qxc6 Qxc6 25. Rxc6 Bb2 26. Rb1 Bf6 27. a4 Rdb8 28. Nd4 Bxd4 29. exd4 Rb7 30. Rc3 Rab8 31. Rcb3 Rc7 32. b5 axb5 33. axb5 Rc4 34. Rb4 Rc2 35. R1b2 Rc1+ 36. Kh2 Rc3 37. R2b3 Rc2 38. Kg3 Kf6 39. Ra4 Rc4 40. Rxc4 dxc4 41. Rc3 Rxb5 42. Rxc4 Rb3+ 43. Kf4 Rb2 44. Ke3 Rb3+ 45. Kd2 Rb2+ 46. Rc2 Rb3 47. Rc3 Rb2+ 48. Ke3 Kg6 49. g3 Kf6 50. h4 Kg6 51. f3 Rb1 52. Ke4 Re1+ 53. Kf4 Rd1 54. Ke4 Re1+ 55. Re3 Rd1 56. Ke5 Ra1 57. h5+ Kg5 58. Re4 Ra5+ 59. Kd6 Ra6+ 60. Ke7 Ra7+ 61. Kf8 Kxh5 1/2-1/2